 Dungeon Crawl Stone Soup version 0.20.1-1-g8b1a95d (webtiles) character file.

2774 tidbits the Martial Artist (level 9, -2/72 HPs)
             Began as a Demigod Transmuter on Aug 19, 2017.
             Incinerated by bli's ghost (3 damage)
             ... with a sticky flame
             ... on level 8 of the Dungeon.
             The game lasted 00:35:28 (3926 turns).

tidbits the Martial Artist (Demigod Transmuter)     Turns: 3926, Time: 00:35:29

Health: -2/72      AC:  2    Str: 18    XL:     9   Next: 19%
Magic:  9/15       EV: 29    Int: 23    God:
Gold:   309        SH:  2    Dex: 21    Spells: 6/12 levels left

rFire    . . .     SeeInvis .     - Unarmed
rCold    . . .     Gourm    .   (shield currently unavailable)
rNeg     . . .     Faith    .   (armour currently unavailable)
rPois    x         Spirit   .   (helmet currently unavailable)
rElec    .         Reflect  +   (cloak currently unavailable)
rCorr    +         Harm     .   (gloves currently unavailable)
MR       +....                  (boots currently unavailable)
Stlth    +.........             n - +2 amulet of reflection
Regen    0.3/turn               V - +5 ring of evasion
MPRegen  0.2/turn               K - ring of resist corrosion

@: mighty, liquid flames, spider-form (expiring), hasted, glowing, very quick
A: high mp 1, magic resistance 1
a: End Transformation


You were on level 8 of the Dungeon.
You were very hungry.
You were a venomous arachnid creature.
You visited 1 branch of the dungeon, and saw 9 of its levels.
You also visited: Ossuary.

You collected 330 gold pieces.
You spent 21 gold pieces at shops.

Inventory:

Hand Weapons
 a - a +1 whip of electrocution (melded)
   (You took it off an orc on level 4 of the Dungeon)
Missiles
 k - 6 javelins
 m - 26 stones
 s - 2 tomahawks of returning
 y - 6 silver javelins (quivered)
 E - 188 arrows
Armour
 b - a +0 robe
 B - a +2 leather armour of poison resistance (melded)
   (You took it off an orc priest on level 7 of the Dungeon)
 C - a +1 cloak (melded)
 J - a +0 robe
Jewellery
 n - a +2 amulet of reflection (around neck)
   (You found it on level 2 of the Dungeon)
 t - an uncursed ring of protection from fire
   (You found it on level 2 of the Dungeon)
 K - a ring of resist corrosion (right front leg)
   (You found it on level 6 of the Dungeon)
 V - a +5 ring of evasion (left front leg)
   (You found it on level 5 of the Dungeon)
Wands
 I - a wand of flame (30/48)
 N - a wand of enslavement (11/24)
Scrolls
 e - a scroll of blinking
 i - a scroll of magic mapping {unknown}
 l - 4 scrolls of remove curse
 q - 2 scrolls of fear
 r - 2 scrolls of teleportation
 x - 2 scrolls of fog
 D - 2 scrolls of amnesia {unknown}
 F - 2 scrolls of noise {unknown}
 H - 2 scrolls of recharging {unknown}
Potions
 g - 4 potions of curing
 h - 3 potions of flight
 j - 2 potions of resistance
 o - 3 potions of ambrosia
 p - 2 potions of magic
 u - 7 potions of brilliance
 v - a potion of might
 w - a potion of agility
 A - 2 potions of lignification
 L - a potion of haste
 M - a potion of mutation {!q}
Books
 c - a book of Changes

   Spells                             Type                      Level
   a - Beastly Appendage              Transmutation                1
   b - Sticks to Snakes               Transmutation                2
   c - Spider Form                    Transmutation/Poison         3
   d - Ice Form                       Ice/Transmutation            4
   e - Blade Hands                    Transmutation                5
Comestibles
 d - 6 bread rations
 z - 4 meat rations
 G - 4 royal jellies


   Skills:
 - Level 4.4 Fighting
 - Level 4.9 Dodging
 + Level 9.3 Unarmed Combat
 - Level 2.0 Spellcasting
 + Level 4.7 Transmutations


You had 6 spell levels left.
You knew the following spells:

 Your Spells              Type           Power        Failure   Level  Hunger
e - Beastly Appendage     Tmut           ###...       8%          1    #......
k - Sticks to Snakes      Tmut           ###.....     10%         2    ##.....
p - Spider Form           Tmut/Pois      ##........   32%         3    ###....


Dungeon Overview and Level Annotations

Branches:
Dungeon (9/15)             Temple (0/1) D:4
   Lair: D:8-11         Orc: D:9-12

Shops:
D:8 *

Annotations:
D:8 bli's ghost, novice GrFE


Innate Abilities, Weirdness & Mutations

You have an increased reservoir of magic. (+10% MP)
((You have sharp fingernails.))
((You are partially covered in icy blue scales. (AC +2)))
You are resistant to hostile enchantments. (MR+)


Message History

Your ball python constricts the hound.
The hound struggles to escape constriction.
Your ball python completely misses the hound.
Your ball python constricts the hound.
The hound struggles to escape constriction.
The hound escapes!
Your ball python closely misses the hound.
Your ball python misses the hound.
The hound stops to sniff the ground.
Your transformation is almost over.
Bli's ghost (novice Gargoyle Fire Elementalist) comes into view.
Bli's ghost turns its malevolent gaze towards you.
You hit the hound.
The hound is poisoned.
The hound is moderately wounded.
The hound completely misses you.
You barely miss the hound.
The hound is heavily wounded.
The hound completely misses you.
Your ball python barely misses the hound. x2
The hound misses you.
You bite the hound!
You kill the hound!
Press: ? - help, v - describe, . - travel
Here: bli's ghost The floor.
As you read the scroll of identify, it crumbles to dust.
v - 2 potions of might You feel very mighty all of a sudden.
Your ball python withers and dies!
Casting: Spider Form
Confirm with . or Enter, or press ? or * to list all spells.
You create a snake!
You now have 188 arrows.
Your transformation has ended.
Your +1 whip of electrocution unmelds from your body.
Your +1 cloak unmelds from your body.
Your +2 leather armour of poison resistance unmelds from your body.
You hear the crackle of electricity.
You feel resistant to poison. Bli's ghost hits you.
* * * LOW HITPOINT WARNING * * *
Casting: Sticks to Snakes
Confirm with . or Enter, or press ? or * to list all spells.
You turn into a venomous arachnid creature.
Your +1 whip of electrocution melds into your body.
Your +1 cloak melds into your body.
Your +2 leather armour of poison resistance melds into your body.
Your +1 whip of electrocution stops crackling.
You no longer feel resistant to poison.
Bli's ghost barely misses you.
You maul bli's ghost!!
Bli's ghost is moderately damaged.
Bli's ghost sprays you with burning goo.
The sticky flame hits you!
You are covered in liquid flames!
* * * LOW HITPOINT WARNING * * *
Your adder completely misses bli's ghost.
A hound comes into view.
You closely miss bli's ghost.
Bli's ghost is moderately damaged.
You are covered in liquid flames!
* * * LOW HITPOINT WARNING * * *
Bli's ghost sprays you with burning goo.
The sticky flame hits you!
You are covered in liquid flames!
* * * LOW HITPOINT WARNING * * *
Your adder misses bli's ghost. You barely miss bli's ghost.
Bli's ghost is moderately damaged.
You are covered in liquid flames!
* * * LOW HITPOINT WARNING * * *
Your adder bites bli's ghost but does no damage.
Bli's ghost completely misses you.
You feel better.
You are covered in liquid flames!
* * * LOW HITPOINT WARNING * * *
Your adder barely misses bli's ghost.
Bli's ghost misses you.
You bite bli's ghost!
Bli's ghost is severely damaged.
You are covered in liquid flames!
* * * LOW HITPOINT WARNING * * *
Your adder bites bli's ghost.
Bli's ghost hits you.
* * * LOW HITPOINT WARNING * * *
Your adder completely misses bli's ghost.
You bite bli's ghost!
Bli's ghost is almost destroyed.
You are covered in liquid flames!
* * * LOW HITPOINT WARNING * * *
Your transformation is almost over.
The hound bites you.
* * * LOW HITPOINT WARNING * * *
Your adder closely misses bli's ghost.
Bli's ghost closely misses you.
It was a potion of haste.
You feel yourself speed up.
You are covered in liquid flames!
* * * LOW HITPOINT WARNING * * *
The hound closely misses you.
Your adder barely misses bli's ghost.
Bli's ghost closely misses you.
It was a potion of mutation.
You feel extremely strange.
Icy blue scales grow over part of your body.
Your fingernails lengthen.
You feel resistant to hostile enchantments.
You are covered in liquid flames!
You die...

≈. .≈≈≈≈.#.........## ≈≈
≈≈≈.............# ≈≈
≈≈≈.....##......# ≈≈
≈≈≈≈...###..†.^.# . ≈≈ ...≈.#
#......# .# ≈. ≈..≈. ##.....#
##.# ..≈. ..... #.....# ...#
.... ..... ##hS..###...##
.... ##.. #.sW.†##..#...
.........# #..##..#....?.###
...... #..####.# ##....# ..##
...#..###..##..# ##...## ...
.# #..# #....## ##...## ..#
#..###.....## #....###.#
#..#....#...### ##.......##
#....#..##...## #........###
#
##...###.####..###.##........


You could see a hound, bli's ghost and a friendly adder.

Vanquished Creatures
  A hippogriff (D:7)
  Eustachio (D:6)
  Menkaure (Ossuary)
  An orc warrior (D:6)
  2 black bears (D:6)
  2 ogres
  A wolf (D:8)
  A centaur (D:5)
  4 bullfrogs
  2 scorpions
  2 wights (D:7)
  5 howler monkeys
  4 crimson imps
  A bullfrog zombie (D:7)
  5 hounds
  3 orc wizards
  2 orc priests (D:7)
  A jelly (D:7)
  A centaur skeleton (D:5)
  An iguana (D:4)
  3 worker ants
  A mummy (Ossuary)
  The ghost of equalderp2856 the Magician, a weakling SpWz of Elyvilon (D:5)
  4 adders
  A shadow imp (D:6)
  An ooze (D:5)
  An adder skeleton (D:4)
  4 worms
  2 dart slugs (D:4)
  4 leopard geckos
  17 orcs
  A ball python (D:4)
  4 bats
  4 giant cockroaches
  3 gnoll zombies (Ossuary)
  8 goblins
  3 hobgoblins
  5 kobolds
  4 quokkas
  A ball python skeleton (D:5)
  3 frilled lizards
  6 gnoll skeletons (Ossuary)
  2 goblin skeletons (Ossuary)
  3 goblin zombies (Ossuary)
  2 hobgoblin skeletons (Ossuary)
  2 hobgoblin zombies (Ossuary)
  2 kobold skeletons (Ossuary)
  2 kobold zombies (Ossuary)
  A leopard gecko zombie (D:6)
  A quokka skeleton (D:4)
  10 rats
  2 rat skeletons (Ossuary)
  5 rat zombies (Ossuary)
154 creatures vanquished.

Vanquished Creatures (collateral kills)
  Grinder (D:4)
  A centaur (D:6)
  An ogre (D:6)
  A wolf (D:8)
  A wight (D:7)
  An orc priest (D:7)
  An adder (D:2)
  An orc (D:7)
  A bat (D:2)
  A hobgoblin (D:2)
  A frilled lizard (D:2)
  A rat zombie (Ossuary)
12 creatures vanquished.

Vanquished Creatures (others)
  2 mummies (Ossuary)
  A gnoll skeleton (Ossuary)
  2 goblin skeletons (Ossuary)
  4 goblin zombies (Ossuary)
  2 hobgoblin skeletons (Ossuary)
  A hobgoblin zombie (Ossuary)
  A kobold skeleton (Ossuary)
  An orc skeleton (Ossuary)
  2 orc zombies (Ossuary)
  4 rat skeletons (Ossuary)
  2 rat zombies (Ossuary)
22 creatures vanquished.

Grand Total: 188 creatures vanquished

Notes
Turn   | Place    | Note
-------+----------+-------------------------------------------
     0 | D:1      | tidbits the Demigod Transmuter began the quest for the Orb.
     0 | D:1      | Reached XP level 1. HP: 15/15 MP: 5/5
   113 | D:2      | Reached skill level 3 in Unarmed Combat
   199 | D:2      | Found a glowing silver altar of Zin.
   273 | D:2      | Reached XP level 2. HP: 14/22 MP: 5/7
   277 | D:2      | Learned a level 2 spell: Sticks to Snakes
   749 | D:2      | Reached XP level 3. HP: 22/27 MP: 4/8
   802 | D:2      | Reached skill level 2 in Spellcasting
   809 | D:2      | Learned a level 3 spell: Spider Form
   858 | D:2      | Reached skill level 2 in Transmutations
   882 | D:2      | Found a hide-covered altar of Uskayaw.
  1178 | D:3      | Found a shattered altar of Ashenzari.
  1217 | D:3      | Found an iron altar of Okawaru.
  1293 | D:3      | Noticed an ogre
  1301 | D:3      | Killed an ogre
  1301 | D:3      | Reached skill level 3 in Transmutations
  1301 | D:3      | Reached XP level 4. HP: 34/34 MP: 2/9
  1482 | D:4      | Reached XP level 5. HP: 39/39 MP: 6/10
  1569 | D:4      | Found a staircase to the Ecumenical Temple.
  1583 | D:4      | Reached skill level 4 in Unarmed Combat
  1597 | D:5      | Entered Level 5 of the Dungeon
  1622 | D:4      | Noticed Grinder
  1635 | D:4      | Killed Grinder
  1635 | D:4      | Reached skill level 5 in Unarmed Combat
  1635 | D:4      | Reached XP level 6. HP: 30/46 MP: 2/11
  1768 | D:4      | Reached skill level 6 in Unarmed Combat
  1914 | D:5      | Noticed equalderp2856's ghost (weakling SpWz)
  2068 | D:6      | Reached skill level 1 in Fighting
  2072 | D:5      | Reached skill level 2 in Dodging
  2111 | D:5      | Reached XP level 7. HP: 50/52 MP: 4/13
  2172 | D:5      | Reached skill level 2 in Fighting
  2253 | D:5      | Killed equalderp2856's ghost
  2417 | D:7      | Found a blossoming altar of Fedhas.
  2512 | D:6      | Reached skill level 3 in Dodging
  2534 | D:6      | Reached skill level 7 in Unarmed Combat
  2645 | D:6      | Reached skill level 3 in Fighting
  2671 | D:7      | Reached XP level 8. HP: 60/63 MP: 4/14
  2766 | D:6      | Noticed Eustachio
  2783 | D:6      | Killed Eustachio
  2783 | D:6      | Reached skill level 4 in Dodging
  2817 | D:6      | Reached skill level 8 in Unarmed Combat
  2969 | D:7      | Reached skill level 4 in Fighting
  3021 | D:7      | Found an opulent altar of Gozag.
  3150 | D:8      | Reached skill level 4 in Transmutations
  3278 | D:8      | Found Muluf's Assorted Antiques.
  3285 | D:8      | Reached XP level 9. HP: 62/72 MP: 12/15
  3293 | D:8      | Bought a fizzy yellow potion for 21 gold pieces
  3357 | D:7      | Found a sparkling altar of Nemelex Xobeh.
  3380 | D:8      | Found a sand-covered staircase.
  3385 | Ossuary  | Entered an ossuary
  3614 | Ossuary  | Noticed Menkaure
  3625 | Ossuary  | Killed Menkaure
  3625 | Ossuary  | Reached skill level 9 in Unarmed Combat
  3908 | D:8      | Noticed bli's ghost (novice GrFE)
  3924 | D:8      | HP: 6/72 [burnt (3)]
  3925 | D:8      | HP: 1/72 [burnt (4)]
  3926 | D:8      | Gained mutation: You are partially covered in icy blue scales. (AC +2) [potion of mutation]
  3926 | D:8      | Gained mutation: You have sharp fingernails. [potion of mutation]
  3926 | D:8      | Gained mutation: You are resistant to hostile enchantments. (MR+) [potion of mutation]
  3926 | D:8      | Incinerated by bli's ghost

Skill      XL: |  1  2  3  4  5  6  7  8  9 |
---------------+----------------------------+-----
Unarmed Combat | 3 5 6 7 8 9 |  9.3
Spellcasting   | 2 |  2.0
Transmutations | 3 4 |  4.7
Fighting       | 1 3 4 |  4.4
Dodging        | 2 3 4 |  4.9

Action                   |  1- 3 |  4- 6 |  7- 9 || total
-------------------------+-------+-------+-------++-------
Melee: Unarmed           |   113 |    78 |   194 ||   385
       Kick              |     9 |       |       ||     9
       Headbutt          |     3 |       |       ||     3
       Punch             |       |     1 |     5 ||     6
       Whip              |       |       |    78 ||    78
 Cast: Beastly Appendage |    22 |       |       ||    22
       Sticks to Snakes  |     6 |     5 |    17 ||    28
       Spider Form       |    10 |    13 |    30 ||    53
  Use: Scroll            |     9 |     4 |     4 ||    17
       Potion            |       |     1 |     4 ||     5
 Stab: Sleeping          |     2 |     1 |     1 ||     4
       Distracted        |       |     1 |     2 ||     3
  Eat: Chunk             |     3 |     4 |    10 ||    17
       Fruit             |     1 |       |     1 ||     2
Armor: Robe              |     9 |     1 |    13 ||    23
       Skin              |     4 |     3 |     4 ||    11
       Leather armour    |       |       |     9 ||     9
Dodge: Dodged            |    73 |    42 |   229 ||   344
Block: Other             |     2 |     4 |    17 ||    23

Table legend:
 A = Turns spent in this place as a percentage of turns spent in the entire game.
 B = Non-inter-level travel turns spent in this place as a percentage of non-inter-level travel turns spent in the entire game.
 C = Inter-level travel turns spent in this place as a percentage of turns spent in this place.
 D = Turns resting spent in this place as a percentage of non-inter-level travel turns spent in this place.
 E = Turns spent auto-exploring this place as a percentage of non-inter-level travel turns spent in this place.
 F = Non-inter-level travel turns spent in this place divided by the number of levels of this place that you've seen.
                   A       B       C       D       E      F
               +-------+-------+-------+-------+-------+----------------------
         Total | 100.0 | 100.0 |   0.1 |   0.0 |   0.0 | 375.5
       Dungeon |  92.7 |  92.7 |   0.1 |   0.0 |   0.0 | 386.7
       Ossuary |   7.3 |   7.3 |   0.0 |   0.0 |   0.0 | 275.0
               +-------+-------+-------+-------+-------+----------------------

Table legend:
 A = Kills in this place as a percentage of kills in entire the game.
 B = Kills by you in this place as a percentage of kills by you in the entire game.
 C = Kills by friends in this place as a percentage of kills by friends in the entire game.
 D = Other kills in this place as a percentage of other kills in the entire game.
 E = Experience gained in this place as a percentage of experience gained in the entire game.
 F = Experience gained in this place divided by the number of levels of this place that you have seen.
                   A       B       C       D       E      F
               +-------+-------+-------+-------+-------+----------------------
         Total | 100.0 | 100.0 | 100.0 |  -nan | 100.0 | 396.3
       Dungeon |  82.7 |  82.0 |  91.7 |  -nan |  97.0 | 427.1
       Ossuary |  17.3 |  18.0 |   8.3 |  -nan |   3.0 | 119.0
               +-------+-------+-------+-------+-------+----------------------

Vault maps used:
D:1:      dpeg_arrival_fog, serial_bayou_ford_a
D:2:      nicolae_tso_swordbearing_angel, lemuel_round_altar, zin_statuary,
          serial_corexii_hall, corexii_hall_statues_l, corexii_hall_statues_l
D:3:      lemuel_round_altar, nicolae_overflow_hidden_temple
D:4:      minmay_temple_entry_junction, uniq_grinder
D:5:      first_bread
D:6:      trog_ov_bears_minmay, uniq_eustachio
D:7:      lemuel_crystal_altar, basic_altar, fedhas_altar_1
D:8:      nicolae_whirlpool, erik_lair_island,
          lightli_ossuary_entry_decrepit_ruins, serial_shops,
          nicolae_shop_overgrown_old_shop, david_nohive_1
D:9:      nicolae_ru_great_annihilating_truth
Ossuary:  ossuary_due_pyramid
